cohdb
Replays
Latest Replays
All Replays
Popular Replays
Top Player Replays
Match Explorer
How It Works
Community
CoH3 Stats
Reddit
Sign in to upload your games and track your stats! →
Sign in with Steam
Match 42342116
Unlisted
Match 42342116
Overview
Messages
Build Orders
End
Selects Canadian Shock Battlegroup
Vickers Machine Gun Team
Construct Section Command Post
Dingo Light Scout Car
Infantry Section
Infantry Section
Selects Attacking Spirit
Selects Canadian Shock Section
Construct Platoon Command Post
Canadian Shock Section
Canadian Shock Section
Construct Field Infirmary
Selects Incendiary Munitions
Selects Pyrotechnics
Construct Company Command Post
Infantry Training
Crusader II Medium Tank
Unlock M3 Grant Medium Tanks
Vickers Machine Gun Team
M3 Grant Medium Tank
Selects Churchill Crocodile Heavy Tank
Royal Engineer Section
Churchill Crocodile Heavy Tank
M3 Grant Medium Tank
M3 Grant Medium Tank
Selects Smoke Operation
M3 Grant Medium Tank
Infantry Section
Churchill Crocodile Heavy Tank
M3 Grant Medium Tank
mp5
Dawes
8二二D--
bert sipso
Darkelf
jinitaimei
你的八见奈
Soil
0
0
Comments
sign in to comment!
No comments posted yet!